[Event "*** Titled Tuesday Blitz"]
[Site "Chess.com"]
[Date "2020.12.01"]
[Round "8"]
[White "ZuchBolt"]
[Black "onetowin"]
[Result "0-1"]
[WhiteElo "2119"]
[BlackElo "2016"]
[TimeControl "180+1"]
[EndTime "11:27:32 PST"]
[Termination "onetowin won by resignation"]

1. e4 c5 2. Nf3 e6 3. d4 cxd4 4. Nxd4 Nc6 5. Nc3 Qc7 6. Be3 a6 7. Qf3 Ne5 8. Qg3 h5 9. Bf4 d6 10. O-O-O Nf6 11. h3 h4 12. Qe3 b5 13. Bh2 Bb7 14.
f4 Nc4 15. Bxc4 Qxc4 16. e5 dxe5 17. fxe5 Nd5 18. Nxd5 Bxd5 19. b3 Ba3+ 20. Kb1 Qc5 21. Nf5 Qxe3 22. Nxe3 Be4 23. Rd4 Bg6 24. Bf4 Rc8 25.
Rhd1 Bc5 26. R4d2 O-O 27. Kb2 Bb4 28. Rd7 Be4 29. a3 Bc5 30. R1d2 Rc6 31. b4 Bb6 32.
R7d6 Rfc8 33. Rxc6 Rxc6 34. c4 Bxe3 35. Bxe3 Rxc4 36.
Rd4 Rxd4 37. Bxd4 Bxg2 38. Bf2 g5 39. Be3 g4 40. hxg4 h3 41. Bf4 Kg7 42. Kc3 f6 43. Kd4 Kg6 44. Kc5 f5 45. Kb6 fxg4 46. Kxa6 Bf1 47.
Ka5 Kf5 48. Bh2 Ke4 49. a4 bxa4 50. Kxa4 Kf3 51. b5 Bxb5+ 52. Kxb5 g3 0-1

[Event "*** Titled Tuesday Blitz"]
[Site "Chess.com"]
[Date "2020.12.01"]
[Round "8"]
[White "BogdanDeac"]
[Black "AvitalBor"]
[Result "1-0"]
[WhiteElo "2959"]
[BlackElo "2684"]
[TimeControl "180+1"]
[EndTime "11:27:33 PST"]
[Termination "BogdanDeac won by resignation"]

1. Nf3 d5 2. d4 Nf6 3. c4 e6 4. Nc3 Be7 5. g3 O-O 6. Bg2 c6 7. O-O Nbd7 8. Qc2 dxc4 9. a4 a5 10. Rd1 Nb6 11. e4 Bd7 12. Ne5 Be8 13. Qe2 Rc8 14. Be3 Bb4 15. f4 Qe7 16. d5 Nbd7 17. dxc6 Nxe5 18. fxe5 Bxc6 19. exf6 Qxf6 20. Bd4 e5 21.
Be3 Qe7 22. Nd5 Bxd5 23. Rxd5 c3 24. Rad1 c2 25. Rc1 Qc7 26. Bh3 Qc4 27. Qxc4 Rxc4 28. Kf2 g6 29. Ke2 Rxe4 30. Kd3 f5 31. Rxc2 Rf7 32.
Bg2 Rg4 33. Ke2 Bf8 34. Rxa5 f4 35. Bf2 Kg7 36. Bh3 Rg5 37. gxf4 Rxf4 38. Be3 Re4 39.
Kd3 Rh4 40. Bxg5 Rxh3+ 41. Ke4 h6 42. Rc7+ Kg8 43. Bf6 Rxh2 44. Bxe5 Rh4+ 45. Kd5 Rh5 46. Ra8 Rf5 47. Rg7+ Kh8 48. Rxb7+ Kg8 49. Rg7+ Kh8 50. Rf7+ Kg8 1-0

[Event "*** Titled Tuesday Blitz"]
[Site "Chess.com"]
[Date "2020.12.01"]
[Round "8"]
[White "DraG0s3L"]
[Black "anon102030"]
[Result "0-1"]
[WhiteElo "2542"]
[BlackElo "2718"]
[TimeControl "180+1"]
[EndTime "11:27:33 PST"]
[Termination "anon102030 won by checkmate"]

1. c4 e5 2. Nc3 Nc6 3. g3 g6 4.
Bg2 Bg7 5. e3 d6 6. Nge2 Be6 7.
Nd5 Qd7 8. O-O Nd8 9. f4 c6 10.
Ndc3 Bxc4 11. d3 Be6 12. e4 Ne7 13. d4 exd4 14. Nxd4 Bc4 15. Rf2 f5 16. exf5 Nxf5 17. Nxf5 gxf5 18. Be3 O-O 19. Bd4 d5 20. b3 Ba6 21. Qd2 Ne6 22. Bxg7 Qxg7 23. Re1 Rae8 24. Re5 Nd8 25. Qe3 Rxe5 26. fxe5 Ne6 27. Ne2 Bxe2 28. Qxe2 f4 29. Bh3 Nd4 30. Qh5 fxg3 31. Rxf8+ Kxf8 32. e6 gxh2+ 33. Kxh2 Qe5+ 34. Qxe5 Nf3+ 35. Kg3 Nxe5 36. Kf4 Ng6+ 37. Kg5 Ke7 38. Bf5 Nf8 39. Kg4 Kf6 40.
Bc2 Kxe6 41. Kg5 Ke5 42. Kh6 d4 43. Kg7 Ne6+ 44. Kh6 Nf4 45. Bxh7 d3 46. Kg5 d2 47. Bc2 Nh3+ 48. Kg4 Nf2+ 49. Kf3 d1=Q+ 50. Bxd1 Nxd1 51. Ke2 Nc3+ 52. Kd3 Nxa2 53. Kc4 Kd6 54. b4 Nxb4 55. Kxb4 c5+ 56. Ka5 Kd5 57. Kb5 Kd4 58. Ka5 c4 59.
Kb5 c3 60. Ka5 c2 61. Kb5 c1=Q 62. Ka5 Qb1 63. Ka4 Kc4 64. Ka3 Qb3# 0-1

[Event "*** Titled Tuesday Blitz"]
[Site "Chess.com"]
[Date "2020.12.01"]
[Round "8"]
[White "shnitez"]
[Black "sergiochess83"]
[Result "0-1"]
[WhiteElo "2586"]
[BlackElo "2796"]
[TimeControl "180+1"]
[EndTime "11:27:36 PST"]
[Termination "sergiochess83 won by resignation"]

1. c4 e5 2. Nc3 Nf6 3. Nf3 Nc6 4. e3 Bb4 5. Qc2 Bxc3 6. Qxc3 Qe7 7. a3 d5 8. d4 exd4 9. Nxd4 Nxd4 10. Qxd4 c5 11. Qh4 Be6 12. cxd5 Nxd5 13. Qxe7+ Kxe7 14. e4 Nb6 15.
Be3 Rac8 16. Rc1 c4 17. Be2 Na4 18. Bxa7 Nxb2 19. Bd4 Na4 20. Bxg7 Rhg8 21. Be5 f6 22. Bf4 Nc5 23. O-O Nxe4 24. Rfe1 f5 25. f3 Nd6 26.
Red1 Nf7 27. Rd4 b5 28. a4 bxa4 29. Bxc4 Rxc4 30. Rdxc4 Bxc4 31. Rxc4 Ra8 32. Rc7+ Ke6 33. Rc6+ Kd7 34. Rf6 Ke7 35. Rxf5 a3 36. Be5 Nxe5 37. Rxe5+ Kd6 38. Re1 a2 39. Ra1 Kc5 40. f4 Kb4 41. f5 Kb3 42. Kf2 Kb2 43. Rd1 a1=Q 44. Rxa1 Rxa1 45.
g4 Kc3 46. Ke3 Re1+ 47. Kf4 Kd4 48. f6 Rf1+ 49. Kg5 Ke5 50. Kh6 Kxf6 51. h4 Rh1 52.
g5+ Kf5 53. h5 Rh2 54. Kxh7 Rxh5+ 0-1

[Event "*** Titled Tuesday Blitz"]
[Site "Chess.com"]
[Date "2020.12.01"]
[Round "8"]
[White "Eliwood44"]
[Black "vanea_03"]
[Result "0-1"]
[WhiteElo "2478"]
[BlackElo "2721"]
[TimeControl "180+1"]
[EndTime "11:27:38 PST"]
[Termination "vanea_03 won by resignation"]

1. d4 Nf6 2. Nf3 e6 3. e3 b6 4. Bd3 Bb7 5. O-O d5 6. c4 Bd6 7. Nc3 O-O 8. cxd5 exd5 9. b3 a6 10. Bb2 Nbd7 11. Qe2 Re8 12. Rac1 Ne4 13. Rfd1 Qe7 14.
Bb1 f5 15. Qd3 g5 16. Ne2 g4 17. Ne5 Nxe5 18. dxe5 Bxe5 19. Bxe5 Qxe5 20. Nf4 c6 21. Qe2 Nd6 22. Nd3 Qf6 23. Nf4 a5 24. Bd3 Ne4 25. Bxe4 Rxe4 26. Nh5 Qg5 27. Ng3 Re6 28. Rd4 Rae8 29.
Qd2 h5 30. Rf4 Re5 31. Qd3 h4 32. Nxf5 Qxf4 33. exf4 Re1+ 34. Rxe1 Rxe1+ 35. Qf1 Rxf1+ 36. Kxf1 c5 37. Nxh4 d4 38. Nf5 Ba6+ 39. Ke1 b5 40. Kd2 Kf7 41. g3 Ke6 42. Ng7+ Kd5 43. Nh5 c4 44. Nf6+ Kc5 45. bxc4 bxc4 46. Nxg4 Kb4 47. Ne5 c3+ 48. Kc2 Bb7 49. f3 Ka3 50. Kd3 Kxa2 51. Kxd4 c2 52. Nd3 Kb1 53. Kc3 Ba6 54. f5 Bxd3 55.
f6 Bg6 0-1

[Event "*** Titled Tuesday Blitz"]
[Site "Chess.com"]
[Date "2020.12.01"]
[Round "8"]
[White "garfio2017"]
[Black "yourstrulyme"]
[Result "0-1"]
[WhiteElo "2286"]
[BlackElo "2463"]
[TimeControl "180+1"]
[EndTime "11:27:39 PST"]
[Termination "yourstrulyme won by resignation"]

1. e4 c6 2. d4 d5 3. exd5 cxd5 4. Bd3 Nc6 5. c3 Nf6 6. Ne2 e5 7. dxe5 Nxe5 8. O-O Bd6 9. Ng3 O-O 10. Be3 Nfg4 11. Bd4 Qh4 12. h3 Nxd3 13. Qxd3 Ne5 14.
Bxe5 Bxe5 15. Nd2 Be6 16. Nf3 Qf6 17. Nxe5 Qxe5 18. Rae1 Qf4 19. Ne2 Qa4 20. Nd4 Qxa2 21.
b4 Rfe8 22. f4 Qc4 23. Qg3 Rac8 24. f5 Bd7 25. f6 g6 26. Qh4 Rxe1 27. Rxe1 Qxc3 28.
Rf1 Kh8 29. Nf3 d4 30. Ng5 h5 31. Nxf7+ Kg8 32. Ng5 d3 33. f7+ Kg7 34. Qf4 Bf5 35. Rf2 Qc1+ 36. Qxc1 Rxc1+ 37. Kh2 Rc2 38. Rf1 d2 39. Rd1 h4 40. Nf3 Kxf7 41. Nxd2 b6 42.
Nb3 Rb2 43. Nd4 Rxb4 44. Nf3 a5 45. Rd6 Kg7 46. Rc6 a4 47. Rc7+ Kh6 48. Ra7 b5 49. Ne5 Kg5 50. Nf3+ Kf6 51. Ra6+ Ke7 52. Rb6 Kd7 53. Ne5+ Kc7 54. Ra6 Rb3 55. Ra8 Kb7 56. Ra5 a3 57. Nf7 Kb6 58. Ra8 Be4 59. Nd6 Bxa8 0-1

[Event "*** Titled Tuesday Blitz"]
[Site "Chess.com"]
[Date "2020.12.01"]
[Round "8"]
[White "Markov_Mikhail"]
[Black "Oleksandr_Bortnyk"]
[Result "0-1"]
[WhiteElo "2717"]
[BlackElo "2888"]
[TimeControl "180+1"]
[EndTime "11:27:41 PST"]
[Termination "Oleksandr_Bortnyk won by checkmate"]

1. c4 Nf6 2. Nf3 b6 3. g3 Bb7 4. Bg2 g6 5. O-O Bg7 6. Nc3 O-O 7. d4 Ne4 8. Na4 d5 9. Qc2 dxc4 10. Nd2 Nd6 11. Bxb7 Nxb7 12. e3 b5 13. Nc3 c6 14.
a4 Nd6 15. Nde4 b4 16. Ne2 b3 17. Qb1 a5 18. Bd2 Nd7 19. Rc1 Nb6 20. Nc5 e6 21. e4 Qe7 22. Bc3 Rfd8 23. Rd1 Bh6 24. f4 Nb7 25. Nxb7 Qxb7 26. Qc1 Bf8 27. Qe3 c5 28. f5 exf5 29. exf5 Re8 30. Qf2 Qc6 31. fxg6 hxg6 32. d5 Nxd5 33. Rxd5 Qxd5 34. Qf6 Qh5 35. Nf4 Qh6 36. Nd5 Rad8 37. Rf1 Rd7 38. Qc6 Rxd5 39. Qxe8 Rf5 40. Rxf5 gxf5 41. Qe5 Bg7 42. Qe8+ Bf8 43. Qe5 Qh7 44. Qf6 Qh5 45. h4 Qd1+ 46. Kh2 Qh5 47.
Kh3 Qg4+ 48. Kh2 Bg7 49. Qd8+ Kh7 50. Bxg7 Qxg7 51. Qe7 Qxb2+ 52. Kh3 Qg7 53. Qd7 b2 54. Qxf5+ Qg6 55. Qe5 b1=Q 56. h5 Qh1# 0-1

[Event "*** Titled Tuesday Blitz"]
[Site "Chess.com"]
[Date "2020.12.01"]
[Round "8"]
[White "szabadaba"]
[Black "LPSupi"]
[Result "1/2-1/2"]
[WhiteElo "2675"]
[BlackElo "2887"]
[TimeControl "180+1"]
[EndTime "11:27:42 PST"]
[Termination "Game drawn by repetition"]

1. e4 c5 2. Nc3 d5 3. Nxd5 Nf6 4.
Nc3 g6 5. g3 Bg7 6. Bg2 O-O 7.
d3 Nc6 8. Nge2 Nd4 9. Nxd4 cxd4 10. Ne2 e5 11. O-O Be6 12. c3 dxc3 13. bxc3 Qa5 14. d4 Bc4 15. d5 Rac8 16. Bd2 Nd7 17. Re1 Qa6 18. Nc1 Rfd8 19. Bh3 Rb8 20. Nb3 Qa4 21. Be3 Nf6 22. f3 Bf8 23. Nd2 Qa6 24. Nxc4 Qxc4 25. Qb3 Qc7 26. c4 Bc5 27. Rac1 Ne8 28. Kg2 b6 29. f4 f6 30. Be6+ Kg7 31. Qd3 Nd6 32. fxe5 fxe5 33. Bg5 Rf8 34. Rf1 h6 35. Bd2 Nb7 36.
Bc3 Bd6 37. Rxf8 Rxf8 38. Qe2 Nc5 39. h4 Qe7 40. Rf1 Rxf1 41. Kxf1 Nxe6 42. dxe6 Qxe6 43. Kg2 Bc5 44. Qd3 Be7 45. a4 Kf7 46. Qd5 Bd6 47. Bd2 h5 48. Bg5 Qxd5 49. cxd5 Ke8 50. Kf3 a6 51. Be3 b5 52. axb5 axb5 53. Ke2 Kd7 54. Kd3 Bb4 55. Bf2 Kd6 56. Kc2 Ba5 57. Kb3 Bd2 58. Kc2 Ba5 59. Kd3 Bb4 60. Ke2 Bc3 61. Kd3 Bb4 1/2-1/2

[Event "*** Titled Tuesday Blitz"]
[Site "Chess.com"]
[Date "2020.12.01"]
[Round "8"]
[White "yobdc"]
[Black "ChronicUnhappiness"]
[Result "0-1"]
[WhiteElo "2470"]
[BlackElo "2372"]
[TimeControl "180+1"]
[EndTime "11:27:43 PST"]
[Termination "ChronicUnhappiness won on time"]

1. d4 d5 2. Nf3 Nf6 3. e3 e6 4. Bd3 c5 5. b3 Nc6 6. Bb2 Be7 7. Nbd2 O-O 8. O-O a5 9. a3 a4 10. dxc5 axb3 11. cxb3 Bxc5 12. b4 Bd6 13. e4 Bf4 14. e5 Nd7 15. Re1 Nb6 16. g3 Bh6 17. Bd4 Nxd4 18. Nxd4 Bxd2 19. Qxd2 Nc4 20. Qe2 Bd7 21. b5 Qa5 22. a4 Rfc8 23. Rec1 Qb4 24. Qh5 h6 25. Bxc4 Rxc4 26. Rxc4 Qxc4 27.
Qd1 Rc8 28. h4 Qc3 29. a5 Qb4 30. a6 bxa6 31. bxa6 Ra8 32. a7 Qb6 33. Qd2 Qc5 34. Nf3 Rxa7 35. Rxa7 Qxa7 36. Qb4 Qc7 37. Qe7 Qc8 38.
Nd4 Qe8 39. Qd6 Ba4 40. h5 Kh8 41. Kg2 Bd7 42. g4 Qc8 43. Kg3 Qe8 44. f3 Kg8 45.
Qc5 Qd8 46. Qd6 Qe8 47. Qc7 Kf8 48. f4 Kg8 49. g5 hxg5 50. fxg5 f6 51. exf6 gxf6 52.
g6 e5 53. Nf3 Qe6 54. Qd8+ Kg7 55. Kf2 e4 0-1

[Event "*** Titled Tuesday Blitz"]
[Site "Chess.com"]
[Date "2020.12.01"]
[Round "8"]
[White "Nemsko"]
[Black "awesomevishesh"]
[Result "0-1"]
[WhiteElo "2385"]
[BlackElo "2554"]
[TimeControl "180+1"]
[EndTime "11:27:44 PST"]
[Termination "awesomevishesh won by resignation"]

1. e4 c6 2. d4 d5 3. e5 Bf5 4.
Nf3 e6 5. Be2 Ne7 6. O-O Ng6 7.
a4 a5 8. c3 Nd7 9. Be3 f6 10. exf6 Qxf6 11. Nbd2 Bd6 12. Re1 O-O 13. Nf1 Nf4 14. Bxf4 Bxf4 15. Ng3 e5 16. dxe5 Nxe5 17. Nxe5 Bxe5 18. Bf3 Rae8 19. Qd2 Bg6 20. Re2 Bf4 21. Qe1 Rxe2 22. Qxe2 Re8 23. Qf1 Qe5 24. Qd1 h5 25.
Nf1 h4 26. h3 Qg5 27. Kh1 Bd6 28. Qd4 Be5 29. Qg4 Qxg4 30. Bxg4 Bd6 31. Ne3 Bc5 32.
Re1 Kf7 33. Kg1 Re7 34. Kf1 Kf6 35. Bc8 Bd3+ 36. Kg1 Re4 37. Ng4+ Ke7 38. Rxe4+ dxe4 39. Bxb7 Kd6 40. Bc8 Bc2 41. Ne3 Bxe3 42. fxe3 Bxa4 43. Bf5 Ke5 44. Bd7 Bb5 45. Kf2 Kd6 46. Bf5 Bd3 47. Ke1 Kc5 48. Kd2 Kd5 49. Bc8 c5 50. Bb7+ Ke5 51.
b3 g5 52. Bc8 Bf1 53. Bg4 Bxg2 54. Kc1 Bf3 55. Bc8 g4 56. Bxg4 Bxg4 57. hxg4 h3 58.
g5 h2 59. Kd2 h1=Q 60. g6 Qg2+ 0-1

[Event "*** Titled Tuesday Blitz"]
[Site "Chess.com"]
[Date "2020.12.01"]
[Round "8"]
[White "midedu"]
[Black "Tsyhanchuk_Stanislav"]
[Result "1-0"]
[WhiteElo "2115"]
[BlackElo "2215"]
[TimeControl "180+1"]
[EndTime "11:27:44 PST"]
[Termination "midedu won by checkmate"]

1. e4 c6 2. d4 d5 3. Nd2 dxe4 4. Nxe4 Bf5 5. Ng3 Bg6 6. Nf3 Nd7 7. Bc4 e6 8. Qe2 Qc7 9. O-O Ngf6 10. Re1 Be7 11. c3 Nd5 12. Ne4 O-O 13. Bb3 N7f6 14. Ng3 a5 15. Ne5 a4 16. Nxg6 hxg6 17. Bc2 a3 18.
Qf3 axb2 19. Bxb2 Ba3 20. Reb1 Bxb2 21. Rxb2 Ra3 22. Rb3 Rfa8 23. Rxa3 Rxa3 24. Bb3 Qa5 25. Rc1 Qc7 26. Ne2 Qd6 27. g3 b6 28. Rd1 Ne7 29.
Nf4 Nfd5 30. Ne2 Nf5 31. Qd3 b5 32. Nc1 Ra8 33. Qd2 Rd8 34. Nd3 Nb6 35. Qe1 Nd7 36.
Qe4 c5 37. dxc5 Nxc5 38. Nxc5 Qxd1+ 39. Bxd1 Rxd1+ 40. Kg2 Rd2 41. a4 bxa4 42. Nxa4 Rd6 43. c4 Rd2 44. c5 Ra2 45. Nb6 Rb2 46. c6 Rxb6 47. c7 Ne7 48. Qa8+ Kh7 49. c8=Q Rc6 50. Qcxc6 Nc8 51. Qaxc8 g5 52. Qf8 g4 53. Qxf7 e5 54. Qcg6+ Kh8 55. Qfxg7# 1-0

[Event "*** Titled Tuesday Blitz"]
[Site "Chess.com"]
[Date "2020.12.01"]
[Round "8"]
[White "Konavets"]
[Black "Buffy7"]
[Result "1-0"]
[WhiteElo "2997"]
[BlackElo "2688"]
[TimeControl "180+1"]
[EndTime "11:27:45 PST"]
[Termination "Konavets won by resignation"]

1. e4 c6 2. d4 d5 3. exd5 cxd5 4. Bd3 Nc6 5. c3 Nf6 6. Nf3 Bg4 7. Qb3 Qc7 8. Nbd2 O-O-O 9. O-O e6 10. Re1 Bd6 11. Bb5 Nd7 12. a4 h6 13. a5 a6 14. Bf1 Nxa5 15.
Qa4 Nc4 16. Nxc4 dxc4 17. Nd2 Nb6 18. Qa2 Bxh2+ 19. Kh1 Rd5 20. f3 Bg3 21. fxg4 Bxe1 22. Nxc4 Nxc4 23. Qxc4 Bg3 24. Qxc7+ Bxc7 25. Be2 e5 26. Bf3 Rdd8 27. Be3 Rhe8 28. Rf1 e4 29. Bd1 f6 30. Kg1 Bg3 31. Rf5 Bh4 32. Kf1 Bg5 33. Bg1 Bc1 34. b4 b5 35. Ke2 Kb7 36. Bc2 Rc8 37.
Rc5 Rxc5 38. bxc5 Kc6 39. Bb3 Rd8 40. Bf7 a5 41. Bg6 b4 42. Bxe4+ Kb5 43. Bd3+ Ka4 44. cxb4 axb4 45. Kd1 Bf4 46. Kc2 b3+ 47. Kc3 Ka3 48.
Bf2 b2 49. Bb1 g6 50. Kc4 f5 51. gxf5 gxf5 52. d5 Rg8 53. c6 Rxg2 54. Bc5+ Ka4 55. d6 Rg1 56. Bxg1 Bxd6 57. Bc5 Bc7 58. Bb4 1-0

[Event "*** Titled Tuesday Blitz"]
[Site "Chess.com"]
[Date "2020.12.01"]
[Round "8"]
[White "Vincent_Vega95"]
[Black "Mikhail_Golubev"]
[Result "1/2-1/2"]
[WhiteElo "2760"]
[BlackElo "2577"]
[TimeControl "180+1"]
[EndTime "11:27:45 PST"]
[Termination "Game drawn by repetition"]

1. d4 Nf6 2. c4 g6 3. Nc3 Bg7 4.
e4 d6 5. Be2 O-O 6. Be3 Nc6 7.
d5 Ne5 8. h3 e6 9. f4 Ned7 10.
dxe6 fxe6 11. g4 b6 12. g5 Nh5 13. Bxh5 gxh5 14. Qxh5 Bb7 15. Nge2 Nc5 16. Bxc5 bxc5 17.
O-O-O Bxc3 18. Nxc3 Rxf4 19. g6 Qh4 20. gxh7+ Kh8 21.
Qg6 Rf6 22. Qg4 Qh6+ 23. Kb1 Qxh7 24. Rdf1 Rg8 25. Qe2 Rfg6 26. Rh2 Rg3 27. Rhf2 Rxh3 28. Rf7 Qh4 29. Rxc7 Rh2 30. Qd1 Bxe4+ 31. Ka1 Bf5 32.
Qxd6 Qg3 33. Qe7 Qg7 34. Qxc5 Qf6 35. a3 Rb8 36. Rc8+ Rxc8 37. Qxc8+ Kh7 38. Rg1 Bg6 39. Qd7+ Qf7 40. Qd4 Qf2 41. Qd7+ Kh6 42. Rxg6+ Kxg6 43.
Qxe6+ Kh7 44. Qe7+ Kg8 45. Qb4 a5 46. Qb5 Qf1+ 47.
Ka2 Qf2 48. Nd5 Qd2 49. Qb3 Kh8 50. Qc3+ Qxc3 51. Nxc3 Kg7 52. Kb3 Kf6 53. Nd5+ Ke5 54. Nc3 Kd4 55. Nb5+ Kc5 56. Nc3 Kd4 57. Nb5+ Kc5 58.
Nc3 Kd4 1/2-1/2

[Event "*** Titled Tuesday Blitz"]
[Site "Chess.com"]
[Date "2020.12.01"]
[Round "8"]
[White "banane_verte"]
[Black "vovachesss"]
[Result "1-0"]
[WhiteElo "2506"]
[BlackElo "2613"]
[TimeControl "180+1"]
[EndTime "11:27:45 PST"]
[Termination "banane_verte won on time"]

1. e4 c6 2. d4 d5 3. Nc3 dxe4 4.
Nxe4 Nf6 5. Nxf6+ exf6 6. c3 Bd6 7. Bd3 O-O 8. Ne2 Re8 9. Qc2 h5 10. O-O Nd7 11. Be3 Nf8 12. c4 Bc7 13. c5 Be6 14. Nc3 Qd7 15. Rad1 f5 16. Qd2 Ng6 17. f4 Bd8 18. Rfe1 Bf6 19. Be2 h4 20. Bf3 Rad8 21. d5 Bxc3 22. bxc3 Bxd5 23. Bxd5 Qxd5 24.
Qxd5 Rxd5 25. Rxd5 cxd5 26. Kf2 Re4 27. Rb1 Nxf4 28. Bxf4 Rxf4+ 29. Ke3 Re4+ 30. Kd3 Re7 31. Kd4 Rd7 32. a4 f6 33. a5 a6 34. Rb6 Kf7 35. c6 bxc6 36. Rxc6 Ra7 37. Kxd5 g5 38. Kc5 g4 39.
Kb6 Re7 40. Rd6 Kg6 41. c4 f4 42. c5 f3 43. gxf3 gxf3 44. Rd1 Re3 45. Rc1 f2 46. Rf1 Re2 47. c6 Rc2 48. c7 Kg5 49. Rxf2 Rc4 50. Kb7 Rb4+ 51. Ka7 Rc4 52. Kb6 Rb4+ 53. Kxa6 Rc4 54.
Kb6 Rb4+ 55. Kc6 Rc4+ 56. Kd6 f5 57. a6 f4 58. a7 1-0

[Event "*** Titled Tuesday Blitz"]
[Site "Chess.com"]
[Date "2020.12.01"]
[Round "8"]
[White "Loy_Konstantin"]
[Black "bylavochka"]
[Result "0-1"]
[WhiteElo "2346"]
[BlackElo "2229"]
[TimeControl "180+1"]
[EndTime "11:27:45 PST"]
[Termination "bylavochka won on time"]

1. e4 c5 2. Nf3 d6 3. d4 cxd4 4.
Qxd4 Nc6 5. Bb5 Qa5+ 6. Nc3 Bd7 7. Bxc6 bxc6 8. e5 d5 9. Bd2 e6 10. O-O Qb6 11. a3 Qxd4 12. Nxd4 c5 13. Nf3 Rb8 14. b3 Ne7 15. g4 h5 16. h3 Nc6 17. Rfe1 hxg4 18. hxg4 Be7 19. Kg2 f6 20. Bf4 Rc8 21.
Rh1 Kf7 22. Rae1 Nd4 23. Rxh8 Nxf3 24. Reh1 Nxe5 25. Rxc8 Bxc8 26. Bxe5 fxe5 27. f3 Bb7 28. Kf2 e4 29. fxe4 d4 30. Na4 Bxe4 31. Rh8 Bxc2 32. Rc8 Bxb3 33. Nxc5 Bd1 34. Rc7 Bxg4 35. Ne4 Bf5 36.
Nd6+ Kf6 37. Nxf5 exf5 38. Rxa7 Bc5 39. Rd7 Bxa3 40. Kf3 Bb2 41. Rb7 Bc3 42. Rb6+ Kg5 43. Rb7 g6 44. Rb8 Kf6 45. Rd8 g5 46. Rd6+ Ke5 47. Rd8 g4+ 48. Ke2 Kf4 49. Kf2 Ke4 50. Ke2 f4 51. Rg8 Kf5 52. Kd3 f3 53. Rf8+ Kg5 54.
Rg8+ Kf4 55. Rf8+ Kg3 56. Rf7 Kg2 0-1

[Event "*** Titled Tuesday Blitz"]
[Site "Chess.com"]
[Date "2020.12.01"]
[Round "8"]
[White "Nils_03"]
[Black "JiiHart"]
[Result "1-0"]
[WhiteElo "2264"]
[BlackElo "2097"]
[TimeControl "180+1"]
[EndTime "11:27:45 PST"]
[Termination "Nils_03 won on time"]

1. d4 Nf6 2. c4 e6 3. Nc3 c5 4.
d5 exd5 5. cxd5 d6 6. e4 g6 7. f4 Bg7 8. Bb5+ Bd7 9. e5 dxe5 10. fxe5 Nh5 11. Nf3 O-O 12. O-O a6 13. Bxd7 Qxd7 14.
Bg5 h6 15. Bh4 b5 16. Bf2 c4 17. Qd4 g5 18. a4 b4 19. Ne4 Nf4 20. Qxc4 Rc8 21.
Qb3 Qxd5 22. Qxd5 Nxd5 23. Nd6 Rc2 24. Rac1 Rxc1 25. Rxc1 Nd7 26. Rd1 Nf4 27. Nxf7 Kxf7 28. Rxd7+ Kf8 29. Bc5+ Kg8 30. h3 a5 31. b3 Rc8 32.
Bd6 Rc1+ 33. Kh2 Rc2 34. e6 Rxg2+ 35. Kh1 Rg3 36. Rd8+ Kh7 37. e7 Rxh3+ 38. Kg1 Rg3+ 39. Kf2 Rg2+ 40. Ke3 Nd5+ 41. Ke4 Nxe7 42. Bxe7 Re2+ 43. Kf5 Rxe7 44. Ra8 Rf7+ 45. Kg4 Rf4+ 46. Kg3 Re4 47. Rxa5 Re3 48. Rb5 Rxb3 49. a5 h5 50. Rxg5 Be5+ 51. Rxe5 h4+ 52. Kg4 Ra3 53. Rh5+ 1-0

[Event "*** Titled Tuesday Blitz"]
[Site "Chess.com"]
[Date "2020.12.01"]
[Round "8"]
[White "aleksey1203borisovi4"]
[Black "Witik"]
[Result "0-1"]
[WhiteElo "2467"]
[BlackElo "2617"]
[TimeControl "180+1"]
[EndTime "11:27:46 PST"]
[Termination "Witik won by resignation"]

1. g3 e5 2. Bg2 d5 3. d3 Nf6 4. Nc3 d4 5. Ne4 Nd5 6. c4 Ne7 7. Nf3 Ng6 8. h4 Nc6 9. h5 Bb4+ 10. Bd2 Bxd2+ 11. Qxd2 Nf8 12. h6 g6 13. b4 Bf5 14.
b5 Bxe4 15. dxe4 Ne7 16. Nxe5 Ne6 17. Ng4 O-O 18. O-O c5 19. bxc6 Nxc6 20. e5 Kh8 21. Rab1 Rb8 22. f4 Nc5 23. Nf6 Ne7 24. Rb5 b6 25. Kh2 Nf5 26. Rh1 Nd7 27. Rd5 Nxf6 28. Rxd8 Ng4+ 29. Kg1 Rbxd8 30. Bf3 Nge3 31. Kf2 Nxc4 32.
Qb4 Nfe3 33. g4 f6 34. e6 Rde8 35. f5 gxf5 36. gxf5 Ne5 37. Rh5 Nc2 38. Qa4 d3 39.
exd3 Nxd3+ 40. Kf1 Ncb4 41. Qd7 Rg8 42. Rh2 Ne5 43.
Qb7 Nbd3 44. Rg2 Nc5 45. Qe4 Nxe4 46. Bxe4 Rxg2 47. Kxg2 Re7 48. Bd5 Kg8 49. Kg3 Kf8 50. Kf4 Rc7 51. Bb3 Ke7 52. Ke4 Rc5 53. Kd4 a5 54.
Ke4 Ng4 55. Kf4 Nxh6 56. Kf3 Nxf5 57. Ke4 Ng7 58. Kf4 Nxe6+ 59. Kg4 Nd4 60. Kh4 Nxb3 0-1

[Event "*** Titled Tuesday Blitz"]
[Site "Chess.com"]
[Date "2020.12.01"]
[Round "8"]
[White "albi1999"]
[Black "gmpeter008"]
[Result "0-1"]
[WhiteElo "2568"]
[BlackElo "2457"]
[TimeControl "180+1"]
[EndTime "11:27:47 PST"]
[Termination "gmpeter008 won on time"]

1. d4 Nf6 2. c4 e6 3. Nf3 Bb4+ 4. Bd2 a5 5. g3 O-O 6. Bg2 d5 7. Qc2 c6 8. O-O Nbd7 9. Bf4 Be7 10. Nbd2 b6 11. e4 dxe4 12. Nxe4 Ba6 13. Rac1 Rc8 14. Rfd1 Nxe4 15. Qxe4 Nf6 16. Qc2 b5 17. Ne5 bxc4 18. Nxc6 Qd7 19. Qa4 Nd5 20. Nxe7+ Qxe7 21. Qxa5 Bb7 22.
Bd2 Ra8 23. Qc5 Qxc5 24. dxc5 Rxa2 25. Rxc4 Rxb2 26. c6 Ba6 27. Rc5 Be2 28. Bc1 Rb1 29.
Re1 Rb5 30. Rc2 Bd3 31. Rd2 Bc4 32. Rd4 Bb3 33. Ba3 Rc8 34. Rc1 f6 35. Bxd5 Bxd5 36. c7 Rb3 37. Bd6 Rb6 38. Bf4 g5 39. Be3 Rb7 40.
h4 gxh4 41. Rg4+ Kf7 42. Rxh4 Kg6 43. Rg4+ Kf5 44. Rh4 Rcxc7 45. Rxc7 Rxc7 46. g4+ Kg6 47. Rh6+ Kg7 48. Kh2 Rc3 49. Rh4 Rd3 50. Kg3 Rd1 51. Rh2 e5 52. Kh3 Kg6 53. Kg3 Rg1+ 54. Kh3 h5 55.
gxh5+ Kxh5 56. f4 Be6+ 0-1

[Event "*** Titled Tuesday Blitz"]
[Site "Chess.com"]
[Date "2020.12.01"]
[Round "8"]
[White "Homino"]
[Black "PriSachu"]
[Result "0-1"]
[WhiteElo "2379"]
[BlackElo "2531"]
[TimeControl "180+1"]
[EndTime "11:27:47 PST"]
[Termination "PriSachu won by resignation"]

1. e4 e5 2. Nf3 Nc6 3. Bb5 a6 4. Ba4 Nf6 5. O-O Bc5 6. c3 O-O 7. d4 Ba7 8. Bc2 d6 9. h3 h6 10. a4 Re8 11. Re1 Bd7 12. a5 Rc8 13. d5 Ne7 14.
Nbd2 Ng6 15. Nc4 Nh5 16. Be3 Bxe3 17. Nxe3 Nhf4 18. c4 Qf6 19. b4 Nh4 20. Nxh4 Qxh4 21. Qf3 c5 22. dxc6 bxc6 23. Red1 Re6 24. Nf5 Qg5 25.
h4 Qf6 26. g3 Ng6 27. h5 Ne7 28.
Nxe7+ Qxe7 29. Qd3 Rf6 30. Qe2 Be6 31. Bd3 Qd7 32.
b5 Bg4 33. Qd2 Bf3 34. Bf1 Qg4 35. bxa6 Qxh5 36. Bg2 Bxd1 37. Rxd1 Qg4 38. a7 Qd7 39. Qe3 Ra8 40. Rb1 Qxa7 41. Qxa7 Rxa7 42. Rb6 Rxa5 43.
Rxc6 Rc5 44. Rxc5 dxc5 45. Kf1 Rd6 46. Ke1 Rd4 47. Bf1 Rxe4+ 48. Kd2 Rd4+ 49. Ke3 f5 50. f3 Kf7 51. Be2 Kf6 52. Kf2 g5 53. Ke3 f4+ 54.
gxf4 exf4+ 55. Kf2 Ke5 56. Bf1 Rd2+ 57. Ke1 Rc2 58.
Bd3 Rc3 59. Kd2 Rxd3+ 60. Kxd3 h5 0-1

[Event "*** Titled Tuesday Blitz"]
[Site "Chess.com"]
[Date "2020.12.01"]
[Round "8"]
[White "Bwert2602"]
[Black "ShahMatKanal"]
[Result "0-1"]
[WhiteElo "2214"]
[BlackElo "2475"]
[TimeControl "180+1"]
[EndTime "11:27:48 PST"]
[Termination "ShahMatKanal won by resignation"]

1. d4 f5 2. Nc3 d5 3. e4 dxe4 4. f3 e5 5. d5 Nf6 6. fxe4 Bc5 7. Bg5 O-O 8. Nf3 h6 9. Bxf6 Qxf6 10. Bc4 b5 11.
Bxb5 fxe4 12. Nxe4 Qb6 13. Bc4 Qxb2 14. Rb1 Qa3 15. Rb3 Qa5+ 16. c3 Bf5 17. Rb5 Qxb5 18. Bxb5 Bxe4 19. Rf1 a6 20. Ba4 Bd6 21. c4 a5 22. Qe2 Bh7 23. Nxe5 Rxf1+ 24. Kxf1 Na6 25. Bd7 Rf8+ 26. Kg1 Bf5 27. Bxf5 Rxf5 28. Ng6 Nc5 29. h3 Kh7 30. g4 Rf7 31. Qc2 Kg8 32. a4 Nd7 33. h4 Bc5+ 34. Kh1 Nf6 35. Qf5 Bd6 36.
Qc8+ Kh7 37. h5 Ng8 38. Qe8 Rf1+ 39. Kg2 Rc1 40. Kf3 Rc3+ 41. Ke4 Nf6+ 42. Kd4 Rxc4+ 43.
Kxc4 Nxe8 44. Kb5 Bb4 45. Kc6 Nf6 46. Kxc7 Nxd5+ 47. Kc6 Nf6 48. Ne5 Kg8 49. Kb5 Kf8 50. Nc6 Bd2 51. Nxa5 Bxa5 52. Kxa5 Nxg4 53. Kb6 Ne5 54.
a5 Nc4+ 55. Kb5 Nxa5 56. Kxa5 Kf7 57. Kb5 Kf6 58. Kc5 Kg5 59. Kd5 Kxh5 60. Ke6 g5 0-1